 Dungeon Crawl Stone Soup version 0.28.0-43-g3370ac3207 (webtiles) character file.

Game seed: 10173091868378093399

1911 Duder the Skirmisher (level 8, -6/74 HPs)
             Began as a Minotaur Berserker on Mar 21, 2022.
             Was an Elder of Trog.
             Mangled by Prince Ribbit (15 damage)
             ... on level 6 of the Dungeon.
             The game lasted 00:08:35 (4910 turns).

Duder the Skirmisher (Minotaur Berserker)           Turns: 4910, Time: 00:08:35

Health: -6/74      AC: 11    Str: 24    XL:     8   Next: 95%
Magic:  7/7        EV: 12    Int:  4    God:    Trog [****..]
Gold:   456        SH:  0    Dex: 10    Spells: 7/7 levels left

rFire   . . .      SeeInvis .   b - +2 demon whip (elec)
rCold   . . .      Faith    .   (no shield)
rNeg    . . .      Spirit   .   l - +4 scale mail {Will+}
rPois   .          Reflect  .   (helmet restricted)
rElec   .          Harm     .   (no cloak)
rCorr   .          Rampage  .   (no gloves)
Will    +....                   (no boots)
Stlth   ..........              (no amulet)
HPRegen 0.22/turn               (no ring)
MPRegen 0.10/turn               (no ring)

@: on berserk cooldown, slowed, very slow
A: horns 2, retaliatory headbutt
a: Renounce Religion, Berserk, Trog's Hand, Brothers in Arms


You were on level 6 of the Dungeon.
You worshipped Trog.
Trog was greatly pleased with you.
You visited 1 branch of the dungeon, and saw 6 of its levels.

You collected 456 gold pieces.

Inventory:

Hand Weapons
 b - a +2 demon whip of electrocution (weapon)
Missiles
 e - 207 stones (quivered)
 f - 6 atropa-tipped darts
 g - 7 boomerangs
 h - 2 javelins
 m - 6 poisoned darts
 o - 5 throwing nets
Armour
 d - a +0 plate armour
 l - a +4 scale mail of willpower (worn)
Wands
 a - a wand of iceblast (9)
 p - a wand of polymorph (12)
Potions
 c - 2 potions of berserk rage {unknown}
 i - 2 potions of brilliance {unknown}
 j - 2 potions of lignification {unknown}
 k - 2 potions of flight {unknown}
 q - a potion of haste {unknown}
 s - 2 potions of mutation {unknown}
 t - 2 potions of curing {unknown}
 u - a potion of ambrosia {unknown}


   Skills:
 + Level 7.9 Fighting
 + Level 7.9 Maces & Flails
 + Level 7.3 Armour
 + Level 6.7 Dodging


You had 7 spell levels left.
You didn't know any spells.
Your spell library contained the following spells:

 Spells                   Type           Power      Damage    Failure   Level
 Foxfire                  Conj/Fire      0%         2x1d4     77%         1
 Conjure Flame            Conj/Fire      0%         6-21      98%         3
 Inner Flame              Hex/Fire       0%         N/A       98%         3
 Flame Wave               Conj/Fire      0%         2d4       100%        4


Dungeon Overview and Level Annotations

Branches:
Dungeon (6/15)
 Temple: D:4-7

Altars:
Elyvilon
Gozag
Kikubaaqudgha
Ru

Annotations:
D:6 Prince Ribbit


Innate Abilities, Weirdness & Mutations

You have a pair of horns on your head.
You reflexively headbutt those who attack you in melee.


Message History

Prince Ribbit gives a loud, deep croak!
You whack the scorpion!
You kill the scorpion!
Trog accepts your kill.
You feel very sick. The black bear barely misses you. The black bear claws you.
The black bear claws you but does no damage.
You barely miss the black bear.
You feel sick.
Prince Ribbit asks, "Just a little smooch?"
Prince Ribbit blinks!
You whack the black bear!
Lightning courses through the black bear!!
You kill the black bear!
Trog accepts your kill.
You feel sick.
You feel very sick.
Things that are here:
a +0 mace; a scorpion corpse You feel a strong urge to attack something.
You feel sick.
There is a stone staircase leading down here.
You feel sick.
Things that are here:
a +2 hand axe of electrocution; an orc corpse You feel your anger nearly subside.
You are no longer berserk.
You are exhausted.
You feel yourself slow down.
You feel sick.
Things that are here:
a +0 club; an orc corpse Prince Ribbit is nearby!
You feel very sick.
You feel sick.
Prince Ribbit blinks!
You feel sick.
Prince Ribbit blinks!
You feel sick.
Prince Ribbit blinks!
You whack Prince Ribbit! Your headbutt misses Prince Ribbit.
Prince Ribbit is moderately wounded.
You feel sick.
You are no longer poisoned.
Prince Ribbit hits you!
You die...

#....###......##).....♣.........♣
#....###......##.......♣♣♣♣♣♣♣♣♣.
...............#......#..........
...............#......#..........
...............#......+..........
...............#......#..........
..#..##...##..##.##'####...##..#.
####'##...######.##)..##...######
#.........#....@#..........#
#.........#....F#...<......#
#.........#.....#..........#
#.........#.....#..........#
#.........#)†)..#..........#
#.........#)))..#..........#
##.....####>...###...##'#..#
####### #....########.####
......#........#


You could see Prince Ribbit.

Vanquished Creatures
  A wraith (D:6)
  Edmund (D:6)
  An ice beast (D:6)
  A black bear (D:6)
  2 necrophages (D:6)
  A centaur (D:6)
  2 ogres (D:6)
  A phantom (D:5)
  2 scorpions (D:6)
  A water moccasin skeleton (D:5)
  A howler monkey (D:4)
  2 bullfrog zombies (D:6)
  A centaur skeleton (D:6)
  An orc priest (D:6)
  4 hounds
  3 bullfrog skeletons
  A jelly (D:6)
  Terence (D:2)
  Jessica (D:2)
  An iguana (D:4)
  3 orc wizards
  A hound zombie (D:5)
  A hound skeleton (D:5)
  5 adders
  3 gnolls (D:3)
  2 ufetubi
  2 worms
  A dart slug (D:1)
  21 orcs
  6 ball pythons
  6 bats
  3 bat skeletons (D:4)
  3 bat zombies (D:4)
  6 endoplasms
  5 giant cockroaches
  11 goblins
  8 hobgoblins
  4 jackals (D:1)
  8 quokkas
  5 frilled lizards
  8 kobolds
  2 rats (D:1)
143 creatures vanquished.

Vanquished Creatures (others)
  3 plants (D:2)
3 creatures vanquished.

Grand Total: 146 creatures vanquished

Notes
Turn   | Place    | Note
-------+----------+-------------------------------------------
     0 | D:1      | Duder the Minotaur Berserker began the quest for the Orb.
     0 | D:1      | Reached XP level 1. HP: 19/19 MP: 0/0
    72 | D:1      | Reached XP level 2. HP: 23/27 MP: 1/1
   357 | D:1      | Reached XP level 3. HP: 19/33 MP: 2/2
   979 | D:1      | Reached ** piety under Trog
  1177 | D:2      | Noticed Jessica
  1194 | D:2      | Killed Jessica
  1195 | D:2      | Reached XP level 4. HP: 35/41 MP: 3/3
  1429 | D:2      | Noticed Terence
  1442 | D:2      | Killed Terence
  1719 | D:2      | Reached XP level 5. HP: 46/47 MP: 4/4
  2379 | D:3      | Found an opulent altar of Gozag.
  2379 | D:3      | Found a sacrificial altar of Ru.
  2704 | D:3      | Identified a scroll of acquirement
  2704 | D:3      | Acquired a +1 demon whip of electrocution
  2766 | D:4      | Reached skill level 5 in Fighting
  2824 | D:4      | Reached skill level 5 in Maces & Flails
  2916 | D:4      | Reached XP level 6. HP: 56/56 MP: 5/5
  2920 | D:4      | Reached *** piety under Trog
  3291 | D:4      | Found an ancient bone altar of Kikubaaqudgha.
  3335 | D:5      | Entered Level 5 of the Dungeon
  3426 | D:5      | Reached skill level 5 in Armour
  3426 | D:5      | Reached XP level 7. HP: 48/62 MP: 6/6
  4156 | D:6      | Reached skill level 5 in Dodging
  4281 | D:6      | Found a white marble altar of Elyvilon.
  4287 | D:6      | Noticed Edmund
  4300 | D:6      | Killed Edmund
  4301 | D:6      | Reached XP level 8. HP: 55/71 MP: 7/7
  4484 | D:6      | Reached **** piety under Trog
  4898 | D:6      | Noticed Prince Ribbit
  4910 | D:6      | Mangled by Prince Ribbit

Illustrated notes

Levels and vault maps discovered:
D:1:      amcnicky_arrival_feature_with_door, layout_basic,
          hangedman_decor_clover_reticule, wander_ebering_terrifying_dragon_lair
D:2:      layout_rooms, guppyfry_early_lair_pool, uniq_terence, uniq_jessica
D:3:      layout_rooms, gammafunk_temple_overflow_pools, serial_aquarium,
          aquarium_bridge_square [aquarium_subvault_balcony,
          aquarium_subvault_window, aquarium_subvault_wall,
          aquarium_subvault_bridge], aquarium_window_1, aquarium_window_fake,
          aquarium_window_fake, aquarium_view_2e, aquarium_view_2a,
          aquarium_balcony_3a, aquarium_pool_2, chequers_serial_rivers_large_a,
          chequers_serial_rivers_micro_c, fountainhead
D:4:      layout_basic, kennysheep_vampire_church, minmay_misc_feat_four_crosses
D:5:      layout_loops_cross, corexii_checkpoint_b, minmay_misc_feat_hallway
D:6:      minmay_clustersquares, layout_gridville, mainiacjoe_overflow_paths,
          uniq_edmund, uniq_prince_ribbit1

Skill      XL: |  1  2  3  4  5  6  7  8 |
---------------+-------------------------+-----
Fighting       | 4 5 6 7 |  7.9
Maces & Flails | 4 5 6 7 |  7.9
Armour         | 3 4 5 6 7 |  7.3
Dodging        | 3 4 5 6 |  6.7

Action                   |  1- 3 |  4- 6 |  7- 9 || total
-------------------------+-------+-------+-------++-------
Melee: Mace              |    96 |    54 |       ||   150
       Headbutt          |     6 |    18 |    19 ||    43
       Whip              |       |    25 |       ||    25
       Demon whip        |       |    73 |   101 ||   174
       Punch             |       |       |     1 ||     1
Invok: Berserk           |       |     1 |     1 ||     2
  Use: Scroll            |       |     5 |     2 ||     7
 Stab: Sleeping          |     1 |       |       ||     1
Armor: Animal skin       |    18 |       |       ||    18
       Plate armour      |    27 |    13 |       ||    40
       Scale mail        |       |    65 |    35 ||   100
Dodge: Dodged            |    80 |    75 |    56 ||   211
